TOP OF THE 1ST |
Kansas City Kings batting - Pitching for Vista Panthers : LHP Li-xue Si-ma
|
Pitching: LHP Li-xue Si-ma
|
|
Batting: RHB Chris Chandler
|
0-0: Foul Ball, location: 2F 0-1: Fly out, F7 (Flyball, 78D)
|
Batting: LHB Ray Spencer
|
0-0: Swinging Strike 0-1: Foul Ball, location: 2F 0-2: Strikes out looking
|
Batting: RHB Toshimichi Kono
|
0-0: Swinging Strike 0-1: Ball 1-1: Ball 2-1: Foul Ball, location: 2F 2-2: Ball 3-2: Base on Balls
|
Batting: LHB Pablo Reyes
|
0-0: Ball 1-0: Foul Ball, location: 2F 1-1: Swinging Strike 1-2: Ball 2-2: Ball 3-2: Fly out, F4 (Line Drive, 4D)
|
Top of the 1st over - 0 run(s), 0 hit(s), 0 error(s), 1 left on base; Kansas City 0 - Vista 0 |
BOTTOM OF THE 1ST |
Vista Panthers batting - Pitching for Kansas City Kings : RHP Carlos Pacheco
|
Pitching: RHP Carlos Pacheco
|
|
Batting: RHB Salvador Salas
|
0-0: Ball 1-0: Fly out, F7 (Flyball, 7M)
|
Batting: LHB Jesús González
|
0-0: Ground out 4-3 (Groundball, 34)
|
Batting: RHB Phil Matthews
|
0-0: Called Strike 0-1: Ground out 1-3 (Groundball, 13)
|
Bottom of the 1st over - 0 run(s), 0 hit(s), 0 error(s), 0 left on base; Kansas City 0 - Vista 0 |
TOP OF THE 2ND |
Kansas City Kings batting - Pitching for Vista Panthers : LHP Li-xue Si-ma
|
Batting: RHB Dave Parker
|
0-0: Ball 1-0: SINGLE (Groundball, 4D)
|
Batting: LHB Ethan Marshall
|
0-0: Ball 1-0: Foul Ball, location: 2F 1-1: Called Strike 1-2: Foul Ball, location: 2F 1-2: DOUBLE (Flyball, 7LD) Dave Parker to third
|
Batting: RHB Ron James
|
0-0: Called Strike 0-1: Foul Ball, location: 2F 0-2: Ball 1-2: Strikes out looking
|
Batting: LHB Brian Boone
|
0-0: SINGLE (Groundball, 4MD) (infield hit) Dave Parker scores Ethan Marshall to third
|
Batting: RHB Matt Richards
|
0-0: Ball 1-0: Called Strike 1-1: Ball 2-1: Ball Brian Boone steals 2nd base 3-1: SINGLE (Groundball, 6D) Ethan Marshall scores Brian Boone to third Runner from 3rd tries for Home, SAFE, no throw or cutoff
|
Batting: RHB Chris Chandler
|
0-0: Ball 1-0: Ball 2-0: Called Strike 2-1: Ball 3-1: Base on Balls Matt Richards to second
|
Batting: LHB Ray Spencer
|
0-0: Called Strike 0-1: Swinging Strike 0-2: Ball 1-2: Foul Ball, location: 2F 1-2: Foul Ball, location: 2F 1-2: Ball 2-2: Fly out, F7 (Flyball, 7M)
|
Batting: RHB Toshimichi Kono
|
0-0: Called Strike 0-1: Ball 1-1: Fielders Choice at 2nd, U6 (Groundball, 6M)
|
Top of the 2nd over - 3 run(s), 4 hit(s), 0 error(s), 2 left on base; Kansas City 3 - Vista 0 |
BOTTOM OF THE 2ND |
Vista Panthers batting - Pitching for Kansas City Kings : RHP Carlos Pacheco
|
Batting: SHB Mark Wells
|
0-0: Ball 1-0: Ball 2-0: Ball 3-0: Called Strike 3-1: Foul Ball, location: 2F 3-2: Strikes out looking
|
Batting: RHB Roberto Cruz
|
0-0: Ball 1-0: Swinging Strike 1-1: Foul Ball, location: 2F 1-2: Ball 2-2: Ground out 2-3 (Groundball, 23)
|
Batting: LHB Harry Pitts
|
0-0: Ball 1-0: Called Strike 1-1: Swinging Strike 1-2: Fly out, F3 (Popup, 13S)
|
Bottom of the 2nd over - 0 run(s), 0 hit(s), 0 error(s), 0 left on base; Kansas City 3 - Vista 0 |
TOP OF THE 3RD |
Kansas City Kings batting - Pitching for Vista Panthers : LHP Li-xue Si-ma
|
Batting: LHB Pablo Reyes
|
0-0: Fly out, F7 (Flyball, 7S)
|
Batting: RHB Dave Parker
|
0-0: Called Strike 0-1: Foul Ball, location: 2F 0-2: Ball 1-2: Strikes out swinging
|
Batting: LHB Ethan Marshall
|
0-0: Ball 1-0: Called Strike 1-1: Foul Ball, location: 2F 1-2: Strikes out swinging
|
Top of the 3rd over - 0 run(s), 0 hit(s), 0 error(s), 0 left on base; Kansas City 3 - Vista 0 |
BOTTOM OF THE 3RD |
Vista Panthers batting - Pitching for Kansas City Kings : RHP Carlos Pacheco
|
Batting: RHB Iván De Jesús
|
0-0: Swinging Strike 0-1: Swinging Strike 0-2: Ground out U3 (Groundball, 3L)
|
Batting: RHB Eugenio Lucero
|
0-0: Foul Ball, location: 2F 0-1: Foul Ball, location: 2F 0-2: Strikes out swinging
|
Batting: RHB Teddy Bates
|
0-0: Called Strike 0-1: Foul Ball, location: 2F 0-2: Ball 1-2: Ball 2-2: Foul Ball, location: 2F 2-2: Strikes out swinging
|
Bottom of the 3rd over - 0 run(s), 0 hit(s), 0 error(s), 0 left on base; Kansas City 3 - Vista 0 |
TOP OF THE 4TH |
Kansas City Kings batting - Pitching for Vista Panthers : LHP Li-xue Si-ma
|
Batting: RHB Ron James
|
0-0: Reached on error, E6 (Groundball, 6M)
|
Batting: LHB Brian Boone
|
0-0: Ball 1-0: Foul Ball, location: 2F 1-1: Foul Ball, location: 2F 1-2: Strikes out swinging
|
Batting: RHB Matt Richards
|
0-0: Called Strike 0-1: Fly out, F9 (Flyball, 9LM)
|
Batting: RHB Chris Chandler
|
0-0: Fly out, F9 (Flyball, 89M)
|
Top of the 4th over - 0 run(s), 0 hit(s), 1 error(s), 1 left on base; Kansas City 3 - Vista 0 |
BOTTOM OF THE 4TH |
Vista Panthers batting - Pitching for Kansas City Kings : RHP Carlos Pacheco
|
Batting: RHB Salvador Salas
|
0-0: Ball 1-0: Foul Ball, location: 2F 1-1: Swinging Strike 1-2: Ball 2-2: Strikes out swinging
|
Batting: LHB Jesús González
|
0-0: Ball 1-0: Foul Ball, location: 2F 1-1: Ball 2-1: Ball 3-1: Base on Balls
|
Batting: RHB Phil Matthews
|
0-0: Ball 1-0: Ball 2-0: Called Strike 2-1: Ball 3-1: Ground out 4-3 (Groundball, 6MS) Jesús González to second
|
Batting: SHB Mark Wells
|
0-0: Called Strike 0-1: Foul Ball, location: 2F 0-2: Ball 1-2: Ball 2-2: Strikes out swinging
|
Bottom of the 4th over - 0 run(s), 0 hit(s), 0 error(s), 1 left on base; Kansas City 3 - Vista 0 |
TOP OF THE 5TH |
Kansas City Kings batting - Pitching for Vista Panthers : LHP Li-xue Si-ma
|
Batting: LHB Ray Spencer
|
0-0: Ground out 4-3 (Groundball, 34)
|
Batting: RHB Toshimichi Kono
|
0-0: Foul Ball, location: 2F 0-1: Swinging Strike 0-2: Foul Ball, location: 2F 0-2: Ball 1-2: Foul Ball, location: 2F 1-2: Ground out 6-3 (Groundball, 6M)
|
Batting: LHB Pablo Reyes
|
0-0: Ball 1-0: Called Strike 1-1: Called Strike 1-2: Strikes out swinging
|
Top of the 5th over - 0 run(s), 0 hit(s), 0 error(s), 0 left on base; Kansas City 3 - Vista 0 |
BOTTOM OF THE 5TH |
Vista Panthers batting - Pitching for Kansas City Kings : RHP Carlos Pacheco
|
Batting: RHB Roberto Cruz
|
0-0: Foul Ball, location: 2F 0-1: Foul Ball, location: 2F 0-2: Foul Ball, location: 2F 0-2: Foul Ball, location: 2F 0-2: Foul Ball, location: 2F 0-2: Fly out, F8 (Flyball, 8RXD)
|
Batting: LHB Harry Pitts
|
0-0: Called Strike 0-1: Ball 1-1: Foul Ball, location: 2F 1-2: Ground out 4-3 (Groundball, 4M)
|
Batting: RHB Iván De Jesús
|
0-0: Ball 1-0: Ball 2-0: Swinging Strike 2-1: Foul Ball, location: 2F 2-2: Ball 3-2: DOUBLE (Flyball, 78XD)
|
Batting: RHB Eugenio Lucero
|
0-0: Ball 1-0: DOUBLE (Line Drive, 5L) Iván De Jesús scores
|
Batting: RHB Teddy Bates
|
0-0: Ball 1-0: Fly out, F9 (Flyball, 89M)
|
Bottom of the 5th over - 1 run(s), 2 hit(s), 0 error(s), 1 left on base; Kansas City 3 - Vista 1 |
TOP OF THE 6TH |
Kansas City Kings batting - Pitching for Vista Panthers : LHP Li-xue Si-ma
|
Batting: RHB Dave Parker
|
0-0: Ball 1-0: Called Strike 1-1: Ball 2-1: Foul Ball, location: 2F 2-2: Ball 3-2: Strikes out swinging
|
Batting: LHB Ethan Marshall
|
0-0: Ball 1-0: Ball 2-0: Ball 3-0: Called Strike 3-1: Foul Ball, location: 2F 3-2: SINGLE (Line Drive, 6MD)
|
Batting: RHB Ron James
|
0-0: Ground out 6-3 (Groundball, 4MS) Ethan Marshall to second
|
Batting: LHB Brian Boone
|
0-0: Called Strike 0-1: Called Strike 0-2: Ground out 4-3 (Groundball, 4)
|
Top of the 6th over - 0 run(s), 1 hit(s), 0 error(s), 1 left on base; Kansas City 3 - Vista 1 |
BOTTOM OF THE 6TH |
Vista Panthers batting - Pitching for Kansas City Kings : RHP Carlos Pacheco
|
Batting: RHB Salvador Salas
|
0-0: Called Strike 0-1: SOLO HOME RUN (Flyball, 7D), Distance : 423 ft
|
Batting: LHB Jesús González
|
0-0: SINGLE (Groundball, 34D)
|
Batting: RHB Phil Matthews
|
0-0: Fly out, F7 (Line Drive, 78M)
|
Batting: SHB Mark Wells
|
0-0: Called Strike 0-1: Fly out, F6 (Popup, 56D)
|
Batting: RHB Roberto Cruz
|
0-0: Called Strike 0-1: Ball 1-1: Foul Ball, location: 2F 1-2: Ball 2-2: Foul Ball, location: 2F 2-2: Ground out 5-3 (Groundball, 56S)
|
Bottom of the 6th over - 1 run(s), 2 hit(s), 0 error(s), 1 left on base; Kansas City 3 - Vista 2 |
TOP OF THE 7TH |
Kansas City Kings batting - Pitching for Vista Panthers : LHP Li-xue Si-ma
|
Pitching: RHP José Betancourt
|
|
Batting: RHB Matt Richards
|
0-0: Foul Ball, location: 2F 0-1: Foul Ball, location: 2F 0-2: Foul Ball, location: 2F 0-2: Ball 1-2: Strikes out swinging
|
Batting: RHB Chris Chandler
|
0-0: Swinging Strike 0-1: Ball 1-1: Foul Ball, location: 2F 1-2: Ball 2-2: Ground out 5-3 (Groundball, 5)
|
Batting: LHB Ray Spencer
|
0-0: Ball 1-0: Ball 2-0: Foul Ball, location: 2F 2-1: Ball 3-1: Base on Balls
|
Batting: RHB Toshimichi Kono
|
0-0: Ball 1-0: Called Strike 1-1: Ball 2-1: Swinging Strike 2-2: Ball 3-2: Fly out, F7 (Flyball, 7D)
|
Top of the 7th over - 0 run(s), 0 hit(s), 0 error(s), 1 left on base; Kansas City 3 - Vista 2 |
BOTTOM OF THE 7TH |
Vista Panthers batting - Pitching for Kansas City Kings : RHP Carlos Pacheco
|
Pitching: RHP Ray Watkins
|
|
Batting: LHB Harry Pitts
|
0-0: Called Strike 0-1: Ball 1-1: Foul Ball, location: 2F 1-2: Foul Ball, location: 2F 1-2: Foul Ball, location: 2F 1-2: Foul Ball, location: 2F 1-2: Ball 2-2: Foul Ball, location: 2F 2-2: Ball 3-2: Foul Ball, location: 2F 3-2: Fly out, F3 (Popup, 3S)
|
Batting: RHB Iván De Jesús
|
0-0: Ball 1-0: Called Strike 1-1: SINGLE (Line Drive, 34D)
|
Batting: RHB Eugenio Lucero
|
0-0: Ball 1-0: Called Strike 1-1: Ball 2-1: Swinging Strike 2-2: Ball 3-2: Fielders Choice at 2nd, 1-6 (Groundball, 13S)
|
Batting: RHB Teddy Bates
|
0-0: SINGLE (Line Drive, 78M) Eugenio Lucero to second
|
Batting: RHB Salvador Salas
|
0-0: Ball 1-0: Foul Ball, location: 2F 1-1: Ball 2-1: Ball 3-1: Fielders Choice at 2nd, 6-4 (Groundball, 6)
|
Bottom of the 7th over - 0 run(s), 2 hit(s), 0 error(s), 1 left on base; Kansas City 3 - Vista 2 |
TOP OF THE 8TH |
Kansas City Kings batting - Pitching for Vista Panthers : RHP José Betancourt
|
Pitching: RHP Mitsunari Taguchi
|
|
Batting: LHB Pablo Reyes
|
0-0: Fly out, F9 (Flyball, 9D)
|
Batting: RHB Dave Parker
|
0-0: Ball 1-0: Swinging Strike 1-1: Fly out, F4 (Line Drive, 4)
|
Batting: LHB Ethan Marshall
|
0-0: Called Strike 0-1: Fly out, F8 (Flyball, 8LD)
|
Top of the 8th over - 0 run(s), 0 hit(s), 0 error(s), 0 left on base; Kansas City 3 - Vista 2 |
BOTTOM OF THE 8TH |
Vista Panthers batting - Pitching for Kansas City Kings : RHP Ray Watkins
|
Batting: LHB Jesús González
|
0-0: Foul Ball, location: 2F 0-1: SINGLE (Line Drive, 34)
|
Batting: RHB Phil Matthews
|
0-0: Ball 1-0: Fly out, F8 (Flyball, 8LM)
|
Batting: SHB Mark Wells
|
0-0: Ball 1-0: Ball 2-0: DOUBLE (Flyball, 8RXD) Jesús González to third
|
Batting: RHB Roberto Cruz
|
0-0: Ground out 5-3 (Groundball, 5)
|
Batting: LHB Harry Pitts
|
0-0: Ball 1-0: Ground out 6-3 (Groundball, 6)
|
Bottom of the 8th over - 0 run(s), 2 hit(s), 0 error(s), 2 left on base; Kansas City 3 - Vista 2 |
TOP OF THE 9TH |
Kansas City Kings batting - Pitching for Vista Panthers : RHP Mitsunari Taguchi
|
Batting: RHB Ron James
|
0-0: Called Strike 0-1: Swinging Strike 0-2: Strikes out looking
|
Batting: LHB Brian Boone
|
0-0: Ball 1-0: Ball 2-0: Swinging Strike 2-1: Called Strike 2-2: Ball 3-2: Foul Ball, location: 2F 3-2: Ground out 6-3 (Groundball, 6)
|
Batting: RHB Matt Richards
|
0-0: Swinging Strike 0-1: Fly out, F9 (Flyball, 9D)
|
Top of the 9th over - 0 run(s), 0 hit(s), 0 error(s), 0 left on base; Kansas City 3 - Vista 2 |
BOTTOM OF THE 9TH |
Vista Panthers batting - Pitching for Kansas City Kings : RHP Ray Watkins
|
Pitching: RHP Alonso Jiménez
|
|
Pinch Hitting: RHB John Mendelson
|
0-0: Foul Ball, location: 2F 0-1: Foul Ball, location: 2F 0-2: Ball 1-2: Strikes out swinging
|
Pinch Hitting: RHB Wilson López
|
0-0: Fly out, F8 (Flyball, 8LXD)
|
Pinch Hitting: RHB Cisco Gatán
|
0-0: Foul Ball, location: 2F 0-1: Foul Ball, location: 2F 0-2: Strikes out swinging
|
Bottom of the 9th over - 0 run(s), 0 hit(s), 0 error(s), 0 left on base; Kansas City 3 - Vista 2 |
|